 Dungeon Crawl Stone Soup version 0.26.1-11-gd32895ea62 (webtiles) character file.

Game seed: 12521881737779731039

234 boopmooplesden the Shield-Bearer (level 5, -2/47 HPs)
             Began as a Minotaur Fighter on July 12, 2021.
             Slain by a worker ant (5 damage)
             ... on level 3 of the Dungeon.
             The game lasted 00:04:38 (2935 turns).

boopmooplesden the Shield-Bearer (Minotaur Fighter) Turns: 2935, Time: 00:04:39

Health: -2/47      AC:  8    Str: 20    XL:     5   Next: 75%
Magic:  4/4        EV:  8    Int:  5    God:
Gold:   101        SH:  9    Dex: 11    Spells: 4/4 levels left

rFire    . . .     SeeInvis .   a - +0 war axe
rCold    . . .     Faith    .   c - +0 kite shield
rNeg     . . .     Spirit   .   b - +0 scale mail
rPois    .         Reflect  .   (helmet restricted)
rElec    .         Harm     .   (no cloak)
rCorr    .         Rampage  .   (no gloves)
Will     .....                  u - +0 pair of boots
Stlth    ..........             (no amulet)
HPRegen  0.15/turn              (no ring)
MPRegen  0.09/turn              (no ring)

@: lethally poisoned (-2 -> -6)
A: retaliatory headbutt, horns 2
a: no special abilities


You were on level 3 of the Dungeon.
You visited 1 branch of the dungeon, and saw 4 of its levels.

You collected 101 gold pieces.

Inventory:

Hand Weapons
 a - a +0 war axe (weapon)
Missiles
 s - 4 curare-tipped darts (quivered)
Armour
 b - a +0 scale mail (worn)
 c - a +0 kite shield (worn)
 u - a +0 pair of boots (worn)
Wands
 t - a wand of iceblast (15)
Scrolls
 f - a scroll of fear {unknown}
 g - 3 scrolls of teleportation
 k - 3 scrolls of identify
 n - a scroll of enchant weapon {unknown}
 o - 4 scrolls of remove curse {unknown}
 p - a scroll of immolation {unknown}
 r - a scroll of magic mapping {unknown}
Potions
 d - a potion of might
 h - a potion of resistance {unknown}
 j - a potion of attraction {unknown}
 l - a potion of cancellation
 m - a potion of invisibility
 q - a potion of curing {unknown}


   Skills:
 + Level 4.8 Fighting
 + Level 4.6 Axes
 + Level 4.7 Armour
 + Level 0.6 Dodging
 + Level 0.2 Stealth
 + Level 4.9 Shields


You had 4 spell levels left.
You didn't know any spells.
Your spell library was empty.

Dungeon Overview and Level Annotations

Branches:
Dungeon (4/15)
 Temple: D:4-7

Altars:
Ashenzari
Fedhas
Makhleb
Trog
Vehumet
Wu Jian
Xom


Innate Abilities, Weirdness & Mutations

You reflexively headbutt those who attack you in melee.
You have a pair of horns on your head.


Message History

* * * LOW HITPOINT WARNING * * *
You feel sick.
* * * LOW HITPOINT WARNING * * *
You feel sick.
* * * LOW HITPOINT WARNING * * *
You feel sick.
It was a potion of invisibility.
You fade into invisibility!
The worker ant closely misses you.
You are very lightly contaminated with residual magic.
It was a potion of cancellation.
Your magical effects are unravelling.
You feel magically purged.
Your magical contamination has completely faded away.
You flicker back into view.
* * * LOW HITPOINT WARNING * * *
You feel sick.
The worker ant bites you but does no damage.
The worker ant bites you.
You die...

#.#.#.#<..#.#
#.#.#.....#.#
###.#.......#)#######
..............>.....#
...)#.#.#...#{#####.#
....#.....#..l...##.#
###.#####.#..#.#l##.#
.............#.#B##.#
.##.#####.##.#.#@##.#
.##...#........#....#
.##.....#.##.#.#.##.#
.#.............#.####
.#......#.######.#
...##.#.#........#
#..##.#.#.#.#....#
#.....#.#.#.#.##.#
#..#..#.#.#.#.##.#


You could see an iguana and a worker ant.

Vanquished Creatures
  An orc priest (D:4)
  A worker ant (D:3)
  7 adders
  2 river rats (D:3)
  3 worms
  3 dart slugs
  2 leopard geckos
  4 orcs
  4 bats
  5 giant cockroaches
  6 goblins
  12 hobgoblins
  4 jackals (D:3)
  10 kobolds
  2 quokkas (D:3)
  A ball python skeleton (D:4)
  7 frilled lizards
  8 rats
82 creatures vanquished.

Notes
Turn   | Place    | Note
-------+----------+-------------------------------------------
     0 | D:1      | boopmooplesden the Minotaur Fighter began the quest for the
                  | Orb.
     0 | D:1      | Reached XP level 1. HP: 19/19 MP: 0/0
   229 | D:1      | Reached XP level 2. HP: 27/27 MP: 1/1
   567 | D:1      | Reached XP level 3. HP: 33/33 MP: 2/2
   959 | D:2      | Found a shimmering altar of Xom.
  1065 | D:2      | Found a broken altar of Ashenzari.
  1065 | D:2      | Found a radiant altar of Vehumet.
  1065 | D:2      | Found an ornate altar of the Wu Jian Council.
  1066 | D:2      | Found a burning altar of Makhleb.
  1455 | D:2      | Found a bloodstained altar of Trog.
  1489 | D:2      | Reached XP level 4. HP: 40/40 MP: 3/3
  1672 | D:2      | Found a blossoming altar of Fedhas.
  2009 | D:3      | Reached XP level 5. HP: 41/47 MP: 4/4
  2020 | D:3      | Found a glowing drain.
  2935 | D:3      | Slain by a worker ant

Illustrated notes

Levels and vault maps discovered:
D:1:      dpeg_arrival_three_smaller_balls, layout_basic
D:2:      layout_basic, lemuel_doored_altar, grunt_temple_overflow_open,
          bloody_trog
D:3:      layout_basic, portal_sewer_entry_c
D:4:      layout_cave_pools, serial_shops, nicolae_shop_crystal,
          amcnicky_mini_corridor_feature, uniq_natasha

Skill      XL: |  1  2  3  4 |
---------------+-------------+-----
Fighting       | 4 |  4.8
Armour         | 4 |  4.7
Axes           | 3 4 |  4.6
Shields        | 4 |  4.9
Dodging        | |  0.6
Stealth        | |  0.2

Action                   |  1- 3 |  4- 6 || total
-------------------------+-------+-------++-------
Melee: War axe           |    81 |   110 ||   191
       Headbutt          |    10 |    15 ||    25
  Use: Scroll            |       |     2 ||     2
       Potion            |       |     2 ||     2
Armor: Scale mail        |    50 |    54 ||   104
Dodge: Dodged            |    33 |    36 ||    69
Block: Kite shield       |    48 |    65 ||   113
